 Dungeon Crawl Stone Soup version 0.30-b1-2-g02819fbbbe (webtiles) character file.

Game seed: 14793421324194414439

18 Alarkh the Vexing (level 2, 21/21 HPs)
             Began as a Demonspawn Hexslinger on July 9, 2023.
             Got out of the dungeon alive.
             The game lasted 00:00:17 (152 turns).

Alarkh the Vexing (Demonspawn Hexslinger)            Turns: 152, Time: 00:00:17

Health: 21/21      AC:  2    Str: 10    XL:     2   Next: 48%
Magic:  3/3        EV: 12    Int: 14    God:
Gold:   0          SH:  0    Dex: 13    Spells: 2/3 levels left

rFire   . . .        a - +1 sling
rCold   . . .        (no shield)
rNeg    . . .        c - +0 robe
rPois   .            (helmet restricted)
rElec   .            (no cloak)
rCorr   .            (no gloves)
SInv    .            (no boots)
Will    .....        (no amulet)
Stlth   +            (no ring)
HPRegen 0.23/turn    (no ring)
MPRegen 0.08/turn

%: no passive effects
@: no status effects
A: horns 1
a: no special abilities


You escaped.
You visited 1 branch of the dungeon, and saw 1 of its levels.

Inventory:

Hand Weapons
 a - a +1 sling (weapon)
Armour
 c - a +0 robe (worn)
Scrolls
 b - a scroll of poison


   Skills:
 + Level 1.6 Fighting
 * Level 2.5 Ranged Weapons
 - Level 1.7 Dodging
 - Level 1.0 Spellcasting
 - Level 3.0 Hexes


You had 2 spell levels left.
You knew the following spells:

 Your Spells              Type           Power      Damage    Failure   Level
a - Slow                  Hex            36%        N/A       8%          1

Your spell library contained the following spells:

 Spells                   Type           Power      Damage    Failure   Level
 Inner Flame              Hex/Fire       4%         N/A       38%         3
 Portal Projectile        Hex/Tloc       8%         N/A       38%         3
 Cause Fear               Hex            4%         N/A       58%         4


Dungeon Overview and Level Annotations

Branches:
Dungeon (1/15)

Altars:

Shops:
D:1 *


Innate Abilities, Weirdness & Mutations

You have a pair of small horns on your head.


Message History

The sling bullet barely misses the jackal.
The sling bullet hits the bat.
You kill the bat!
The jackal bites you. The jackal barely misses you.
You shoot a sling bullet. The sling bullet hits the jackal.
You kill the jackal!
You shoot a sling bullet. The sling bullet hits the kobold.
The kobold is moderately wounded.
A jackal comes into view.
The kobold hits you with a +0 club.
You shoot a sling bullet. The sling bullet hits the kobold.
You kill the kobold!
A jackal comes into view.
You shoot a sling bullet. The sling bullet hits the jackal.
The jackal is lightly wounded.
You shoot a sling bullet.
The sling bullet barely misses the jackal.
The sling bullet hits the jackal.
The jackal is heavily wounded.
You shoot a sling bullet. The sling bullet hits the jackal.
You kill the jackal!
The jackal misses you.
You shoot a sling bullet. The sling bullet hits the jackal.
You kill the jackal!
No target in view!
No target in view!
No target in view!
No target in view!
No target in view!
No target in view!
Things that are here:
a +0 club; a jackal corpse; a kobold corpse HP restored.
You see here a +0 club.
You open the door.
There is an open door here.
There is a fountain of clear blue water here.
There is a staircase leading out of the dungeon here.
Are you sure you want to leave the Dungeon?
This will make you lose the game!
You have escaped!

###########
###.........#
#....8....#.#
#.##...##.#.#
##.##..#.# #'#..##.#
#'#..##.# ##⌠##..#.#
+⌠@⌠'..#.####
##⌠##........
#+#..####### # #..##
##.##..# .....##
##...##.####.......#
...8................
####....####.......#
####...###.......


There were no monsters in sight!

Vanquished Creatures
  A dart slug (D:1)
  3 bats (D:1)
  An endoplasm (D:1)
  2 goblins (D:1)
  A hobgoblin (D:1)
  3 jackals (D:1)
  A frilled lizard (D:1)
  A kobold (D:1)
13 creatures vanquished.

Notes
Turn   | Place    | Note
-------+----------+-------------------------------------------
     0 | D:1      | Alarkh the Demonspawn Hexslinger began the quest for the
                  | Orb.
     0 | D:1      | Reached XP level 1. HP: 15/15 MP: 2/2
    31 | D:1      | Found Xodifovo's General Store.
    69 | D:1      | Gained mutation: You have a pair of small horns on your
                  | head. [demonic ancestry]
    69 | D:1      | Reached XP level 2. HP: 21/21 MP: 3/3
   152 | D:$      | Got out of the dungeon alive.

Illustrated notes

Levels and vault maps discovered:
D:1:      grunt_arrival_crossed_arrows, layout_rooms, serial_shops, shop,
          nicolae_shop_just_a_little_nook, nicolae_shop_hallway_stairs, shop,
          shop

Skill      XL: |  1 |
---------------+----+-----
Ranged Weapons | 2 |  2.5
Fighting       | |  1.6
Dodging        | |  1.7
Spellcasting   | |  1.0
Hexes          | |  3.0

Action                     || total
---------------------------++-------
   Fire: Sling             ||    25
 Armour: Robe              ||     2
  Dodge: Dodged            ||     5
